 Dungeon Crawl Stone Soup version 0.28.0-53-g5a82cb258f (webtiles) character file.

Game seed: 14729876714410284554

618 gobodom the Magician (level 7, -2/48 HPs)
             Began as a Demonspawn Hedge Wizard on June 9, 2022.
             Slain by Maggie
             ... wielding a +0 glaive
              (7 damage)
             ... on level 6 of the Dungeon.
             The game lasted 00:36:27 (5994 turns).

gobodom the Magician (Demonspawn Hedge Wizard)      Turns: 5994, Time: 00:36:30

Health: -2/48      AC:  0    Str: 10    XL:     7   Next: 21%
Magic:  13/15      EV: 14    Int: 18    God:
Gold:   342        SH:  0    Dex: 12    Spells: 14/17 levels left

rFire   . . .      SeeInvis .   (weapon currently unavailable)
rCold   . . .      Faith    .   (shield currently unavailable)
rNeg    . . .      Spirit   .   (armour currently unavailable)
rPois   .          Reflect  .   (helmet currently unavailable)
rElec   .          Harm     .   (cloak currently unavailable)
rCorr   .          Rampage  .   (gloves currently unavailable)
Will    .....                   (boots currently unavailable)
Stlth   ++........              (no amulet)
HPRegen 0.16/turn               (ring currently unavailable)
MPRegen 0.14/turn               (ring currently unavailable)

@: pig-form, mesmerised, very slightly contaminated, very quick
A: fast, no casting, small, (hooves 2), foul stench 1, (sharp scales 2)
a: no special abilities


You were on level 6 of the Dungeon.
You were a filthy swine.
You visited 1 branch of the dungeon, and saw 6 of its levels.

You collected 342 gold pieces.

Inventory:

Hand Weapons
 k - a +3 short sword of venom (melded)
 m - a +3 rapier
 s - a +2 short sword of freezing
Missiles
 o - 3 silver boomerangs
 r - 5 poisoned darts (quivered)
Armour
 b - a +2 robe (melded)
 c - a +1 hat (melded)
 y - a +0 pair of gloves (melded)
Jewellery
 t - a +4 ring of evasion (melded)
Wands
 w - a wand of iceblast (7)
 x - a wand of acid (8)
Scrolls
 a - a scroll of fear
 d - 2 scrolls of immolation
 f - a scroll of magic mapping
 i - a scroll of teleportation
 j - 3 scrolls of fog
 u - a scroll of vulnerability {unknown}
 v - a scroll of enchant weapon
Potions
 n - a potion of ambrosia
 p - a potion of brilliance
 q - a potion of magic
 z - a potion of lignification {unknown}


   Skills:
 + Level 1.1 Fighting
 + Level 2.3 Short Blades
 + Level 0.4 Throwing
 + Level 2.7 Dodging
 + Level 3.0 Stealth
 + Level 5.6 Spellcasting
 + Level 2.7 Conjurations
 + Level 1.0 Summonings
 + Level 1.6 Translocations


You had 14 spell levels left.
You knew the following spells:

 Your Spells              Type           Power      Damage    Failure   Level
a - Magic Dart            Conj           60%        1d6       4%          1
b - Blink                 Tloc           20%        N/A       10%         2

Your spell library contained the following spells:

 Spells                   Type           Power      Damage    Failure   Level
 Slow                     Hex            20%        N/A       13%         1
 Call Imp                 Summ           8%         N/A       13%         2
 Gell's Gravitas          Tloc           10%        N/A       19%         3
 Teleport Other           Tloc           10%        N/A       19%         3
 Conjure Flame            Conj/Fire      10%        6-21      22%         3
 Mephitic Cloud           Conj/Pois/Air  8%         N/A       26%         3
 Ozocubu's Armour         Ice            5%         N/A       36%         3
 Manifold Assault         Tloc           10%        N/A       87%         5
 Metabolic Englaciation   Hex/Ice        2%         N/A       98%         5
 Dispersal                Tloc           5%         N/A       100%        6
 Simulacrum               Ice/Necr       2%         N/A       100%        6
 Storm Form               Tmut/Air       2%         N/A       100%        7


Dungeon Overview and Level Annotations

Branches:
Dungeon (6/15)
 Temple: D:4-7

Altars:
Elyvilon
Hepliaklqana
Zin

Shops:
D:5 [

Annotations:
D:6 Maggie


Innate Abilities, Weirdness & Mutations

You are a filthy swine.
You move quickly.
Your equipment is almost entirely melded.
You are incapable of wielding weapons or throwing items.
You cannot cast spells.
((You have hoof-like feet.))
You may rarely emit foul miasma when damaged in melee.
((You are mostly covered in razor-sharp scales. (AC +2, Slay +2)))


Message History

Maggie mumbles some strange words.
Maggie draws you further into her thrall.
You hit Maggie but do no damage.
Maggie looks as sick as possible!
Maggie is lightly wounded.
Maggie casts a spell at you. The bolt of fire hits you!!
* * * LOW HITPOINT WARNING * * *
Casting: Magic Dart (safe; 4% risk of failure)
Confirm with . or Enter, or press ? or * to list all spells.
You miscast Blink.
You are very lightly contaminated with residual magic.
Nothing appears to happen.
Maggie zaps a wand.
You turn into a filthy swine.
Your +3 short sword of venom melds into your body.
Your +1 hat melds into your body.
Your +0 pair of gloves melds into your body.
Your +2 robe melds into your body.
Your +4 ring of evasion melds into your body.
Your +3 short sword of venom stops dripping with poison.
You can't do that in your present form.
You cannot move away from Maggie!
You feel better. Maggie hits you with a +0 glaive.
* * * LOW HITPOINT WARNING * * *
You hit Maggie but do no damage.
Maggie is moderately wounded.
Maggie closely misses you.
You hit Maggie but do no damage.
Maggie is heavily wounded.
Maggie casts a spell.
Maggie draws you further into her thrall.
You hit Maggie but do no damage.
Maggie is heavily wounded.
Maggie hits you with a +0 glaive!
* * * LOW HITPOINT WARNING * * *
You emit a cloud of foul miasma!
Aiming: Corrosive Bolt
Press: ? - help, Shift-Dir - straight line, f - Maggie
Aim: Maggie, wielding a +0 glaive, wearing +0 acid dragon scales and carrying a wand of polymorph (10) (foul pestilence, heavily wounded, mesmerising, very poisoned, 71% to hit)
The bolt of acid misses Maggie.
Maggie is engulfed in dark miasma.
Maggie looks as sick as possible!
Maggie hits you with a +0 glaive!
You die...

#################
.........h@.....#
######/#######..
#.# ######.# #..
.>.##.# #..
#.##.# #.. #....#
#..######..#.#
#..........#.#
#.....>.#.##..


You could see Maggie (mesmerising, extremely poisoned).

Vanquished Creatures
  Eustachio (D:5)
  A wyvern skeleton (D:6)
  A howler monkey (D:5)
  A bullfrog zombie (D:5)
  3 hounds (D:5)
  Ijyb (D:5)
  3 iguanas
  A scorpion zombie (D:5)
  A hound skeleton (D:4)
  6 adders
  An adder skeleton (D:4)
  3 orcs
  10 endoplasms
  5 hobgoblins
  4 jackals
  4 quokkas
  5 ball pythons
  5 bats
  4 frilled lizards
  5 goblins
  7 kobolds
  2 rats (D:1)
74 creatures vanquished.

Notes
Turn   | Place    | Note
-------+----------+-------------------------------------------
     0 | D:1      | gobodom the Demonspawn Hedge Wizard began the quest for the
                  | Orb.
     0 | D:1      | Reached XP level 1. HP: 13/13 MP: 4/4
   461 | D:1      | Gained mutation: You are partially covered in razor-sharp
                  | scales. (AC +1, Slay +1) [demonic ancestry]
   461 | D:1      | Reached XP level 2. HP: 7/19 MP: 0/6
   933 | D:1      | Found a faded altar of an unknown god.
  2220 | D:2      | Gained mutation: You are mostly covered in razor-sharp
                  | scales. (AC +2, Slay +2) [demonic ancestry]
  2220 | D:2      | Reached XP level 3. HP: 24/24 MP: 4/8
  2222 | D:2      | Identified the +2 ring mail of Thoughtfulness {Will++ Str+5
                  | Dex-5}
  2482 | D:2      | Found a hazy altar of Hepliaklqana.
  3231 | D:3      | Gained mutation: You have large cloven feet. [demonic
                  | ancestry]
  3231 | D:3      | Reached XP level 4. HP: 30/30 MP: 6/9
  3784 | D:3      | Reached skill level 4 in Spellcasting
  4090 | D:3      | Learned a level 2 spell: Blink
  4924 | D:5      | Entered Level 5 of the Dungeon
  4971 | D:5      | Reached skill level 1 in Short Blades
  4971 | D:5      | Reached skill level 1 in Translocations
  4971 | D:5      | Gained mutation: You have hoof-like feet. [demonic
                  | ancestry]
  4971 | D:5      | Reached XP level 5. HP: 35/36 MP: 6/11
  5034 | D:5      | Noticed Eustachio
  5050 | D:5      | Killed Eustachio
  5051 | D:5      | Reached XP level 6. HP: 37/42 MP: 7/13
  5075 | D:5      | Reached skill level 5 in Spellcasting
  5503 | D:5      | Noticed Ijyb
  5518 | D:5      | Killed Ijyb
  5598 | D:5      | Gained mutation: You may rarely emit foul miasma when
                  | damaged in melee. [demonic ancestry]
  5598 | D:5      | Reached XP level 7. HP: 41/47 MP: 9/15
  5721 | D:5      | Found Kidoemot's Armour Boutique.
  5759 | D:5      | Reached skill level 1 in Fighting
  5980 | D:6      | Noticed Maggie
  5994 | D:6      | Slain by Maggie

Illustrated notes

Levels and vault maps discovered:
D:1:      erik_arrival_cave_to_civilisation [erik_arrival_cave_to_hall],
          layout_basic, basic_ecumenical_altar
D:2:      layout_loops_ring, basic_altar
D:3:      layout_basic, minmay_starry_boxes
D:4:      layout_loops_ring, mainiacjoe_overflow_tiny_flanked,
          minmay_crystal_room
D:5:      layout_loops_ring, kennysheep_mini, serial_shops,
          nicolae_shop_temple_entry_statues_fountains, uniq_ijyb, uniq_eustachio
D:6:      minmay_chambers_of_sixes, layout_loops_ring, minivault_22,
          minmay_door_square, uniq_grinder, uniq_sigmund, uniq_maggie,
          uniq_crazy_yiuf_cottage

Skill      XL: |  1  2  3  4  5  6  7 |
---------------+----------------------+-----
Dodging        | 2 |  2.7
Stealth        | 2 3 |  3.0
Spellcasting   | 4 5 |  5.6
Short Blades   | 1 2 |  2.3
Conjurations   | 2 |  2.7
Translocations | 1 |  1.6
Fighting       | 1 |  1.1
Throwing       | |  0.4
Summonings     | |  1.0

Action                   |  1- 3 |  4- 6 |  7- 9 || total
-------------------------+-------+-------+-------++-------
Melee: Dagger            |    62 |       |       ||    62
       Punch             |     1 |     1 |     1 ||     3
       Short sword       |    10 |    60 |    14 ||    84
       Kick              |       |    12 |     5 ||    17
       Unarmed           |       |       |     3 ||     3
Throw: Dart              |       |     3 |     1 ||     4
 Cast: Magic Dart        |    98 |    66 |     4 ||   168
       Blink             |       |     8 |       ||     8
Evoke: Wand              |       |       |     1 ||     1
  Use: Scroll            |     5 |     6 |     1 ||    12
       Potion            |     1 |       |     2 ||     3
 Stab: Sleeping          |     1 |     2 |       ||     3
Armor: Robe              |    32 |     6 |     2 ||    40
Dodge: Dodged            |    66 |    38 |     7 ||   111
